Map: Oceanborn LE

Players

Rhizer

  • Race: Protoss Protoss
  • Spawn Location: 11:00

DnS - Winner!

  • Race: Protoss Protoss
  • Spawn Location: 5:00

Event: ESL SC2 Masters 2023 Winter (Finals)

VOD

Have the link to the VOD?

Description

Time

  • Played on: Dec. 15, 2023, 11:07 a.m.
  • Length: 9:44

All games in this series

Show
View Real Time Build Order
Export as new Build Order

Rhizer Protoss 

Build Orders: Blink Stalkers 

Get SALT Encoding   

  12  0:00  Probe  
  13  0:12  Probe  
  14  0:17  Pylon  
  14  0:24  Probe (Chrono Boost)  
  15  0:36  Probe (Chrono Boost)  
  15  0:37  Gateway  
  16  0:44  Probe (Chrono Boost)  
  16  0:46  Assimilator  
  17  0:51  Probe  
  17  0:55  Assimilator  
  18  1:03  Probe  
  19  1:08  Gateway  
  19  1:15  Probe  
  20  1:24  Cybernetics Core  
  20  1:27  Probe  
  21  1:33  Pylon  
  21  1:39  Probe  
  22  1:52  Probe  
  23  2:01  Warp Gate, Stalker x2  
  27  2:04  Probe  
  28  2:14  Pylon  
  28  2:24  Twilight Council  
  28  2:36  Stalker  
  30  2:38  Stalker  
  32  2:52  Shield Battery  
  32  2:53  Blink (Chrono Boost)  
  32  3:03  Pylon  
  32  3:12  Stalker  
  34  3:20  Stalker  
  36  3:27  Gateway  
  34  3:50  Pylon  
  34  3:51  Stalker  
  36  3:58  Stalker  
  36  4:01  Gateway  
  37  4:12  Pylon  
  37  4:19  Stalker  
  37  4:23  Stalker  
  41  4:26  Stalker  
  43  4:56  Sentry  
  45  5:04  Nexus  
  45  5:16  Robotics Facility  
  45  5:17  Probe  
  40  5:29  Probe  
  41  5:39  Shield Battery  
  41  5:41  Probe  
  42  5:43  Sentry  
  42  5:44  Sentry  
  46  5:53  Probe  
  47  6:05  Immortal  
  47  6:09  Probe (Chrono Boost)  
  53  6:20  Probe (Chrono Boost)  
  53  6:22  Probe (Chrono Boost)  
  54  6:28  Probe (Chrono Boost)  
  54  6:31  Probe (Chrono Boost), Stalker  
  58  6:33  Probe (Chrono Boost)  
  58  6:39  Probe  
  60  6:42  Probe  
  61  6:47  Immortal (Chrono Boost)  
  66  6:56  Pylon  
  67  7:06  Gateway  
  65  7:08  Gateway  
  65  7:11  Gateway  
  65  7:15  Pylon  
  65  7:17  Sentry  
  65  7:18  Sentry, Observer (Chrono Boost)  
  65  7:21  Probe  
  65  7:22  Probe  
  72  7:34  Probe  
  72  7:35  Warp Prism (Chrono Boost)  
  75  7:38  Probe  
  75  7:43  Stalker  
  78  7:44  Stalker  
  78  7:51  Pylon  
  80  7:52  Stalker  
  80  7:56  Probe  
  83  8:14  Pylon  
  83  8:15  Probe x2  
  83  8:17  Assimilator  
  85  8:26  Stalker  
  85  8:27  Stalker x3  
  93  8:38  Stalker  
  93  8:39  Stalker  
  93  8:40  Probe  
  98  8:45  Pylon  
  94  8:54  Stalker x2  
  80  9:12  Zealot x4  
  86  9:17  Stalker x2  
  68  9:33  Stalker x4  
Show
View Real Time Build Order
Export as new Build Order

DnS Protoss - Winner!

Build Orders: Oracle Opening 

Get SALT Encoding   

  12  0:00  Probe  
  13  0:12  Probe  
  14  0:16  Pylon  
  14  0:24  Probe (Chrono Boost)  
  16  0:36  Gateway, Probe (Chrono Boost)  
  16  0:43  Probe (Chrono Boost)  
  16  0:45  Assimilator  
  17  0:51  Probe  
  17  0:54  Assimilator  
  18  1:03  Probe (Chrono Boost)  
  19  1:06  Gateway  
  20  1:12  Probe (Chrono Boost)  
  20  1:17  Probe (Chrono Boost)  
  20  1:23  Cybernetics Core  
  21  1:29  Probe  
  22  1:34  Pylon  
  22  1:41  Probe  
  23  1:53  Probe  
  24  2:00  Stalker  
  26  2:01  Stalker  
  26  2:03  Warp Gate  
  28  2:21  Pylon  
  28  2:25  Stargate  
  28  2:29  Pylon  
  28  2:37  Stalker  
  28  2:40  Stalker  
  32  3:07  Nexus  
  32  3:13  Oracle (Chrono Boost)  
  35  3:21  Probe  
  36  3:31  Pylon  
  36  3:32  Shield Battery  
  36  3:35  Probe  
  37  3:48  Robotics Facility  
  37  3:54  Stalker  
  39  4:03  Shield Battery  
  39  4:08  Stalker  
  41  4:17  Shield Battery  
  41  4:19  Sentry  
  43  4:30  Shield Battery  
  43  4:34  Immortal (Chrono Boost)  
  47  4:39  Stalker  
  49  4:46  Shield Battery  
  49  4:48  Sentry  
  51  4:53  Pylon  
  51  5:29  Pylon  
  51  5:40  Nexus  
  49  5:47  Immortal, Probe  
  54  5:50  Pylon  
  54  5:59  Probe (Chrono Boost)  
  55  6:10  Twilight Council  
  56  6:11  Probe (Chrono Boost)  
  56  6:17  Probe (Chrono Boost)  
  57  6:27  Observer, Probe (Chrono Boost), Sentry  
  61  6:39  Probe (Chrono Boost)  
  62  6:44  Probe (Chrono Boost)  
  62  6:45  Blink (Chrono Boost)  
  63  6:52  Probe (Chrono Boost)  
  63  6:54  Probe (Chrono Boost)  
  65  6:58  Observer  
  67  7:02  Probe x2 (Chrono Boost)  
  67  7:06  Nexus  
  67  7:07  Probe x2 (Chrono Boost)  
  68  7:13  Pylon  
  70  7:19  Probe  
  70  7:20  Probe  
  72  7:26  Sentry, Gateway  
  72  7:28  Gateway  
  74  7:31  Probe  
  74  7:36  Probe  
  76  7:41  Stalker  
  76  7:42  Shield Battery  
  76  7:43  Probe  
  79  7:48  Assimilator  
  79  7:51  Probe  
  80  7:55  Immortal  
  84  8:00  Pylon  
  84  8:05  Shield Battery  
  84  8:12  Stalker  
  85  8:17  Pylon  
  85  8:19  Stalker  
  86  8:29  Stalker x2  
  88  8:34  Immortal (Chrono Boost)  
  92  8:41  Gateway  
  92  8:44  Stalker  
  92  8:47  Stalker  
  94  8:58  Stalker x2  
  94  9:14  Stalker x2  
  92  9:17  Shield Battery  
  90  9:24  Stalker x2  
  78  9:37  Stalker x2  
  78  9:38  Stalker  
Tags
 
Add a new tag
Caveats
  • Supply blocks, unpowered buildings, or Contaminate may cause inaccurate times.
  • Supply counts are checked every 10 seconds.